 Dungeon Crawl Stone Soup version 0.23.2-30-g0e89c35649 (webtiles) character file.

Game seed: 10590975528628690911

483 BorisKarlOrff the Poker (level 6, -9/56 HPs)
             Began as a Minotaur Chaos Knight on June 22, 2019.
             Was a Plaything of Xom.
             Blown up by Ijyb (16 damage)
             ... with a wand of disintegration (7)
             ... on level 4 of the Dungeon.
             The game lasted 00:07:45 (2381 turns).

BorisKarlOrff the Poker (Minotaur Chaos Knight)     Turns: 2381, Time: 00:07:46

Health: -9/56      AC: 13    Str: 17    XL:     6   Next: 88%
Magic:  5/5        EV:  7    Int: 14    God:    Xom [*.....]
Gold:   196        SH:  0    Dex: 11    Spells: 5/5 levels left

rFire    . . .     SeeInvis .   p - +2 quarterstaff (chaos)
rCold    . . .     Gourm    .   (shield currently unavailable)
rNeg     . . .     Faith    .   i - +0 chain mail
rPois    +         Spirit   .   (helmet restricted)
rElec    .         Reflect  .   q - +1 cloak
rCorr    .         Harm     .   e - +0 pair of gloves
MR       .....                  (no boots)
Stlth    ..........             (no amulet)
HPRegen  0.18/turn              o - ring of poison resistance
MPRegen  0.09/turn              (no ring)

@: brilliant
A: retaliatory headbutt, horns 2
a: Renounce Religion


You were on level 4 of the Dungeon.
You worshipped Xom.
You were a special plaything of Xom.
You were full.

You visited 1 branch of the dungeon, and saw 4 of its levels.

You collected 196 gold pieces.

Inventory:

Hand Weapons
 a - a +0 spear of chaos
 p - a +2 quarterstaff of chaos (weapon)
Armour
 e - a +0 pair of gloves (worn)
 i - a +0 chain mail (worn)
 q - a +1 cloak (worn)
Jewellery
 o - a ring of poison resistance (left hand)
Scrolls
 d - 7 scrolls of teleportation
 h - a scroll of magic mapping
 m - 2 scrolls of identify
Potions
 b - 2 potions of berserk rage
 f - 3 potions of heal wounds
 j - a potion of lignification
 k - a potion of haste
 n - 2 potions of curing
Comestibles
 c - 4 rations


   Skills:
 + Level 5.6 Fighting
 + Level 6.3(6.5) Polearms
 + Level 2.5(4.7) Staves
 + Level 4.7 Armour
 + Level 1.9 Dodging


You had 5 spell levels left.
You didn't know any spells.
Your spell library was empty.

Dungeon Overview and Level Annotations

Branches:
Dungeon (4/15)
 Temple: D:4-7

Altars:
Makhleb
Nemelex Xobeh

Annotations:
D:4 Ijyb


Innate Abilities, Weirdness & Mutations

You reflexively headbutt those who attack you in melee.
You have a pair of horns on your head.


Message History

Ijyb is severely wounded.
Ijyb zaps a wand.
You are blasted!
* * * LOW HITPOINT WARNING * * *
You closely miss Ijyb.
Ijyb is severely wounded.
Ijyb hits you but does no damage.
You closely miss Ijyb.
Ijyb is severely wounded.
Ijyb hits you but does no damage.
You hit Ijyb but do no damage.
Ijyb is severely wounded.
Ijyb zaps a wand.
You are blasted!
* * * LOW HITPOINT WARNING * * *
Ijyb hits you.
* * * LOW HITPOINT WARNING * * *
You feel clever all of a sudden.
Ijyb screams, "Die!"
Ijyb zaps a wand.
You are blasted!
You die...
Xom cackles wildly!

#..>..########.########
...##. #............
.#..... #............
#...... #............
#.#....#####............
............<...........
.##.....#...............
........gw###..##.......
##....@####..##........
#..##..# #.## ........
.. ..... .. .........
####.## #.# #.# #.# ..#


You could see Ijyb and a worm.

Vanquished Creatures
  Grinder (D:3)
  Menkaure (D:3)
  Crazy Yiuf (D:3)
  Jessica (D:3)
  5 adders
  An ooze (D:3)
  2 worms (D:2)
  A dart slug (D:3)
  3 leopard geckos
  10 orcs (D:3)
  5 bats
  A giant cockroach (D:2)
  4 goblins
  8 hobgoblins
  4 kobolds
  3 frilled lizards (D:3)
  9 rats
60 creatures vanquished.

Notes
Turn   | Place    | Note
-------+----------+-------------------------------------------
     0 | D:1      | BorisKarlOrff the Minotaur Chaos Knight began the quest for
                  | the Orb.
     0 | D:1      | Reached XP level 1. HP: 19/19 MP: 0/0
    80 | D:1      | XOM: potion effect (brilliance)
   225 | D:1      | Reached XP level 2. HP: 19/27 MP: 1/1
   235 | D:1      | XOM: divination: detect items
   264 | D:1      | XOM is BORED!
   264 | D:1      | XOM: harmless Hex miscast
   613 | D:2      | Reached skill level 4 in Polearms
   636 | D:2      | Reached XP level 3. HP: 17/33 MP: 2/2
   980 | D:2      | XOM: god gift: 10 gold pieces
  1089 | D:2      | XOM: harmless Chrm miscast
  1139 | D:3      | Noticed Grinder
  1144 | D:3      | Paralysed by Grinder for 6 turns
  1145 | D:3      | XOM: cast spell 'Statue Form'
  1147 | D:3      | XOM: fog
  1151 | D:3      | Killed Grinder
  1151 | D:3      | Reached skill level 5 in Fighting
  1151 | D:3      | Reached skill level 6 in Polearms
  1151 | D:3      | Reached XP level 4. HP: 42/42 MP: 3/3
  1151 | D:3      | Reached XP level 5. HP: 48/48 MP: 4/4
  1223 | D:3      | Found a runed translucent door.
  1225 | D:3      | Noticed Crazy Yiuf
  1235 | D:3      | Killed Crazy Yiuf
  1235 | D:3      | Reached XP level 6. HP: 19/56 MP: 3/5
  1586 | D:3      | Found a burning altar of Makhleb.
  1590 | D:3      | Found a sparkling altar of Nemelex Xobeh.
  1762 | D:3      | Noticed Jessica
  1774 | D:3      | Killed Jessica
  1774 | D:3      | Reached skill level 1 in Staves
  2034 | D:4      | Noticed Menkaure
  2036 | D:4      | Noticed Ijyb
  2040 | D:4      | XOM: summons 3 friendly demons
  2216 | D:3      | Killed Menkaure
  2255 | D:3      | XOM: scenery: 1 doors open
  2363 | D:4      | XOM: swap monsters
  2381 | D:4      | Blown up by Ijyb

Skill      XL: |  1  2  3  4  5  6 |
---------------+-------------------+-----
Fighting       | 4 5 |  5.6
Polearms       | 4 6 |  6.3
Armour         | 4 |  4.7
Staves         | 2 |  2.5
Dodging        | |  1.9

Action                   |  1- 3 |  4- 6 || total
-------------------------+-------+-------++-------
Melee: Spear             |    78 |    14 ||    92
       Headbutt          |    14 |    10 ||    24
       Quarterstaff      |       |    57 ||    57
  Use: Scroll            |     3 |     6 ||     9
       Potion            |     1 |     1 ||     2
  Eat: Ration            |     1 |     2 ||     3
Armor: Leather armour    |     8 |       ||     8
       Chain mail        |    29 |    36 ||    65
       Skin              |     5 |     5 ||    10
Dodge: Dodged            |    33 |    20 ||    53
